PBL
KELOWNA HEAT @ PALM BEACH NATIONALS
09/14/2044
 
TOP OF THE 1ST
Kelowna Heat batting - Pitching for Palm Beach Nationals : RHP Matt Norris
Pitching: RHP Matt Norris
Batting: SHB David Barona 0-0: Ground out 4-3 (Groundball, 4, EV 88.1 MPH)
Batting: RHB Miguel Gonzalez 0-0: Ball
1-0: Foul Ball, location: 2F
1-1: Ball
2-1: Ball
3-1: Base on Balls
Batting: LHB Chris West 0-0: Ball
1-0: Swinging Strike
1-1: Called Strike
1-2: Ball
2-2: Ball
3-2: Foul Ball, location: 2F
3-2: Foul Ball, location: 2F
3-2: SINGLE (Line Drive, 8LS, EV 99.4 MPH)
Miguel Gonzalez to second
Batting: RHB Edwin Verdugo 0-0: Ball
1-0: Foul Ball, location: 2F
1-1: Ball
2-1: Foul Ball, location: 2F
2-2: Foul Ball, location: 2F
2-2: Grounds into double play, 5-4-3 (Groundball, 5S, EV 86.2 MPH)
Top of the 1st over - 0 runs, 1 hit, 0 errors, 1 left on base; Kelowna 0 - Palm Beach 0
BOTTOM OF THE 1ST
Palm Beach Nationals batting - Pitching for Kelowna Heat : LHP Ricky Coats
Pitching: LHP Ricky Coats
Batting: RHB Bobby Bricker 0-0: Called Strike
0-1: Ball
1-1: Ball
2-1: Foul Ball, location: 2F
2-2: Ball
3-2: Base on Balls
Batting: RHB Chad Madsen 0-0: Called Strike
0-1: Ball
1-1: Swinging Strike
1-2: Strikes out swinging
Batting: RHB Antonio Vallez 0-0: Called Strike
0-1: Ground out 5-3 (Groundball, 56S, EV 68.8 MPH)
Bobby Bricker to second
Batting: RHB Gabe Almazan 0-0: Called Strike
0-1: Fly out, F6 (Popup, 6S, EV 65.6 MPH)
Bottom of the 1st over - 0 runs, 0 hits, 0 errors, 1 left on base; Kelowna 0 - Palm Beach 0
TOP OF THE 2ND
Kelowna Heat batting - Pitching for Palm Beach Nationals : RHP Matt Norris
Batting: RHB Billy Pranger 0-0: SINGLE (Flyball, 3D, EV 91.2 MPH)
Batting: LHB Steve Nevis 0-0: SINGLE (Flyball, 4D, EV 89.4 MPH)
Billy Pranger to second
Batting: RHB Malik Sharpless 0-0: Ball
1-0: Ground out 4-3 (Groundball, 4MD, EV 85.0 MPH)
Billy Pranger to third
Steve Nevis to second
Batting: LHB Takaaki Nishimoto 0-0: Called Strike
0-1: Ball
1-1: DOUBLE (Flyball, 78XD, EV 111.9 MPH)
Billy Pranger scores
Steve Nevis scores
Batting: RHB Dave Putnam 0-0: Ball
1-0: Foul Ball, location: 2F
1-1: Called Strike
1-2: Ball
2-2: Foul Ball, location: 2F
2-2: SINGLE (Groundball, 6MD, EV 98.8 MPH)
Takaaki Nishimoto to third
Batting: SHB David Barona 0-0: Called Strike
0-1: Fly out, F8 (Flyball, 89D, EV 85.6 MPH)
Runner from 3rd tags up, OUT at HOME! 8-2
Top of the 2nd over - 2 runs, 4 hits, 0 errors, 1 left on base; Kelowna 2 - Palm Beach 0
BOTTOM OF THE 2ND
Palm Beach Nationals batting - Pitching for Kelowna Heat : LHP Ricky Coats
Batting: RHB Justin Van Houten 0-0: Ground out 1-3 (Groundball, 34S, EV 65.0 MPH)
Batting: RHB Dave Burwell 0-0: Called Strike
0-1: Ball
1-1: Ball
2-1: Ball
3-1: Ground out 5-3 (Groundball, 56S, EV 67.5 MPH)
Batting: RHB Justin Davenport 0-0: SINGLE (Line Drive, 34D, EV 95.0 MPH)
Batting: RHB Scott Merritt 0-0: Ball
1-0: Foul Ball, location: 2F
1-1: Ground out U3 (Groundball, 3, EV 81.9 MPH)
Bottom of the 2nd over - 0 runs, 1 hit, 0 errors, 1 left on base; Kelowna 2 - Palm Beach 0
TOP OF THE 3RD
Kelowna Heat batting - Pitching for Palm Beach Nationals : RHP Matt Norris
Batting: RHB Miguel Gonzalez 0-0: Ball
1-0: Called Strike
1-1: Foul Ball, location: 2F
1-2: Ball
2-2: Ball
3-2: Fly out, F4 (Line Drive, 4, EV 72.5 MPH)
Batting: LHB Chris West 0-0: Called Strike
0-1: SOLO HOME RUN (Flyball, 9LD, EV 93.8 MPH), Distance : 341 ft
Batting: RHB Edwin Verdugo 0-0: Called Strike
0-1: Swinging Strike
0-2: Ball
1-2: Strikes out swinging
Batting: RHB Billy Pranger 0-0: Called Strike
0-1: Ball
1-1: Foul Ball, location: 2F
1-2: Ball
2-2: Ball
3-2: Fly out, F6 (Popup, 4M, EV 75.6 MPH)
Top of the 3rd over - 1 run, 1 hit, 0 errors, 0 left on base; Kelowna 3 - Palm Beach 0
BOTTOM OF THE 3RD
Palm Beach Nationals batting - Pitching for Kelowna Heat : LHP Ricky Coats
Batting: RHB Jelexiz Cuenca 0-0: Called Strike
0-1: Called Strike
0-2: Strikes out swinging
Batting: RHB Bobby Bricker 0-0: Called Strike
0-1: Called Strike
0-2: Ball
1-2: Foul Ball, location: 2F
1-2: SINGLE (Line Drive, 4MD, EV 105.0 MPH)
Batting: RHB Chad Madsen 0-0: Ball
Bobby Bricker steals 2nd base
1-0: Swinging Strike
1-1: Ball
2-1: Called Strike
Bobby Bricker steals 3rd base
2-2: Ball
3-2: Base on Balls
Batting: RHB Antonio Vallez 0-0: Called Strike
0-1: Foul Ball, location: 2F
0-2: Foul Ball, location: 2F
0-2: Foul Ball, location: 2F
0-2: Ball
1-2: Foul Ball, location: 2F
1-2: Grounds into double play, 5-4-3 (Groundball, 56S, EV 83.8 MPH)
Bottom of the 3rd over - 0 runs, 1 hit, 0 errors, 1 left on base; Kelowna 3 - Palm Beach 0
TOP OF THE 4TH
Kelowna Heat batting - Pitching for Palm Beach Nationals : RHP Matt Norris
Batting: LHB Steve Nevis 0-0: Swinging Strike
0-1: Ground out 6-3 (Groundball, 6, EV 86.2 MPH)
Batting: RHB Malik Sharpless 0-0: SINGLE (Groundball, 56D, EV 93.8 MPH)
Batting: LHB Takaaki Nishimoto 0-0: Ball
1-0: Ball
2-0: Called Strike
2-1: Ball
3-1: Grounds out, U3 (Groundball, 3L, EV 90.0 MPH)
Batting: RHB Dave Putnam 0-0: Swinging Strike
0-1: Ball
1-1: Ball
2-1: Ball
3-1: Foul Ball, location: 2F
3-2: SINGLE (Line Drive, 4D, EV 95.6 MPH)
Malik Sharpless to third
Batting: SHB David Barona 0-0: Called Strike
0-1: Foul Ball, location: 2F
0-2: Foul Ball, location: 2F
0-2: Ball
1-2: 3-RUN HOME RUN (Flyball, 9LD, EV 95.0 MPH), Distance : 356 ft
Batting: RHB Miguel Gonzalez 0-0: Called Strike
0-1: Foul Ball, location: 2F
0-2: Ball
1-2: Ball
2-2: Foul Ball, location: 2F
2-2: Foul Ball, location: 2F
2-2: Strikes out swinging
Top of the 4th over - 3 runs, 3 hits, 0 errors, 0 left on base; Kelowna 6 - Palm Beach 0
BOTTOM OF THE 4TH
Palm Beach Nationals batting - Pitching for Kelowna Heat : LHP Ricky Coats
Batting: RHB Gabe Almazan 0-0: Ball
1-0: Ball
2-0: Foul Ball, location: 2F
2-1: Ball
3-1: Foul Ball, location: 2F
3-2: Foul Ball, location: 2F
3-2: Base on Balls
Batting: RHB Justin Van Houten 0-0: Ball
1-0: Ball
Passed Ball!
Gabe Almazan to second
2-0: Fly out, F7 (Flyball, 7D, EV 91.2 MPH)
Batting: RHB Dave Burwell 0-0: Ball
1-0: Fly out, F8 (Flyball, 8RD, EV 89.4 MPH)
Batting: RHB Justin Davenport 0-0: Ball
1-0: Foul Ball, location: 2F
1-1: Ball
2-1: Ground out U3 (Groundball, 34S, EV 88.1 MPH)
Bottom of the 4th over - 0 runs, 0 hits, 0 errors, 1 left on base; Kelowna 6 - Palm Beach 0
TOP OF THE 5TH
Kelowna Heat batting - Pitching for Palm Beach Nationals : RHP Matt Norris
Batting: LHB Chris West 0-0: Foul Ball, location: 2F
0-1: Ball
1-1: Ball
2-1: Ground out 4-3 (Groundball, 4, EV 88.1 MPH)
Batting: RHB Edwin Verdugo 0-0: SINGLE (Groundball, 4MS, EV 70.6 MPH) (infield hit)
Batting: RHB Billy Pranger 0-0: Ball
1-0: Swinging Strike
1-1: Swinging Strike
1-2: Fly out, F9 (Flyball, 9, EV 83.8 MPH)
Batting: LHB Steve Nevis 0-0: Ball
1-0: Fly out, F9 (Line Drive, 9, EV 103.1 MPH)
Top of the 5th over - 0 runs, 1 hit, 0 errors, 1 left on base; Kelowna 6 - Palm Beach 0
BOTTOM OF THE 5TH
Palm Beach Nationals batting - Pitching for Kelowna Heat : LHP Ricky Coats
Batting: RHB Scott Merritt 0-0: Ball
1-0: Called Strike
1-1: Ball
2-1: Ball
3-1: Foul Ball, location: 2F
3-2: SOLO HOME RUN (Flyball, 7D, EV 108.1 MPH), Distance : 416 ft
Batting: RHB Jelexiz Cuenca 0-0: Called Strike
0-1: SINGLE (Groundball, 13, EV 85.6 MPH) (infield hit)
Batting: RHB Bobby Bricker 0-0: SINGLE (Groundball, 6MD, EV 93.8 MPH)
Jelexiz Cuenca to second
Batting: RHB Chad Madsen 0-0: Ball
1-0: Called Strike
1-1: Foul Ball, location: 2F
1-2: Strikes out looking
Batting: RHB Antonio Vallez 0-0: Ball
1-0: SINGLE (Line Drive, 8LM, EV 90.0 MPH)
Jelexiz Cuenca to third
Bobby Bricker to second
Batting: RHB Gabe Almazan 0-0: Called Strike
0-1: Ball
1-1: Ball
2-1: Fly out, F8 (Flyball, 78D, EV 100.6 MPH)
Runner from 3rd tags up, SCORES, throw by CF
Batting: RHB Justin Van Houten 0-0: Foul Ball, location: 2F
0-1: Foul Ball, location: 2F
0-2: Ball
1-2: Ball
2-2: DOUBLE (Groundball, 3D, EV 105.6 MPH)
Bobby Bricker scores
Antonio Vallez to third
Runner from 3rd tries for Home, SAFE, throw by RF to trailing runner, SAFE at third!
Batting: RHB Dave Burwell 0-0: Called Strike
0-1: Foul Ball, location: 2F
0-2: Ball
1-2: Ground out 4-3 (Groundball, 4MS, EV 88.8 MPH)
Bottom of the 5th over - 4 runs, 5 hits, 0 errors, 1 left on base; Kelowna 6 - Palm Beach 4
TOP OF THE 6TH
Kelowna Heat batting - Pitching for Palm Beach Nationals : RHP Matt Norris
Batting: RHB Malik Sharpless 0-0: Called Strike
0-1: Foul Ball, location: 2F
0-2: Ball
1-2: Ball
2-2: Ground out 4-3 (Groundball, 34D, EV 84.4 MPH)
Batting: LHB Takaaki Nishimoto 0-0: Ball
1-0: Ball
2-0: Called Strike
2-1: Ball
3-1: Base on Balls
Batting: RHB Dave Putnam 0-0: Ball
1-0: Foul Ball, location: 2F
1-1: Fly out, F7 (Flyball, 7S, EV 89.4 MPH)
Batting: SHB David Barona 0-0: Ball
1-0: Ball
2-0: Fielders Choice at 2nd, 6-4 (Groundball, 6, EV 106.9 MPH)
Top of the 6th over - 0 runs, 0 hits, 0 errors, 1 left on base; Kelowna 6 - Palm Beach 4
BOTTOM OF THE 6TH
Palm Beach Nationals batting - Pitching for Kelowna Heat : LHP Ricky Coats
Batting: RHB Justin Davenport 0-0: Ball
1-0: Ball
2-0: Ball
3-0: Base on Balls
Batting: RHB Scott Merritt 0-0: Called Strike
0-1: Called Strike
0-2: Ball
1-2: Ball
2-2: Grounds into double play, 3-6-1 (Groundball, 34, EV 86.2 MPH)
Batting: RHB Jelexiz Cuenca 0-0: Ball
1-0: Called Strike
1-1: Foul Ball, location: 2F
1-2: SINGLE (Groundball, 6D, EV 108.8 MPH)
Batting: RHB Bobby Bricker 0-0: Foul Ball, location: 2F
0-1: Fly out, F8 (Flyball, 8LXD, EV 82.5 MPH)
Bottom of the 6th over - 0 runs, 1 hit, 0 errors, 1 left on base; Kelowna 6 - Palm Beach 4
TOP OF THE 7TH
Kelowna Heat batting - Pitching for Palm Beach Nationals : RHP Matt Norris
Batting: RHB Miguel Gonzalez 0-0: Ball
1-0: Fly out, F8 (Flyball, 8RD, EV 95.0 MPH)
Batting: LHB Chris West 0-0: Foul Ball, location: 2F
0-1: Foul Ball, location: 2F
0-2: Ball
1-2: Ball
2-2: SINGLE (Groundball, 34D, EV 106.9 MPH) (infield hit)
Batting: RHB Edwin Verdugo 0-0: Ball
1-0: Ball
2-0: Called Strike
2-1: Swinging Strike
2-2: Foul Ball, location: 2F
2-2: Ball
3-2: Base on Balls
Chris West to second
Batting: RHB Billy Pranger 0-0: Ball
1-0: Called Strike
1-1: Foul Ball, location: 2F
1-2: Ball
2-2: Ball
3-2: Base on Balls
Chris West to third
Edwin Verdugo to second
Batting: LHB Steve Nevis 0-0: Ball
1-0: Swinging Strike
1-1: Ball
2-1: Ball
3-1: SINGLE (Line Drive, 6D, EV 101.2 MPH)
Chris West scores
Edwin Verdugo to third
Billy Pranger to second
Batting: RHB Malik Sharpless 0-0: Ball
1-0: SINGLE (Groundball, 34D, EV 102.5 MPH)
Edwin Verdugo scores
Billy Pranger to third
Steve Nevis to second
Runner from 3rd tries for Home, throw by RF and OUT! 9-2
Pitching: LHP Manny Ruiz
Batting: LHB Takaaki Nishimoto 0-0: Foul Ball, location: 2F
0-1: Foul Ball, location: 2F
0-2: Foul Ball, location: 2F
0-2: SINGLE (Groundball, 6MD, EV 105.6 MPH)
Steve Nevis to third
Malik Sharpless to second
Runner from 3rd tries for Home, SAFE, throw by CF to home
Batting: RHB Dave Putnam 0-0: Ball
1-0: Ball
2-0: Ball
3-0: Called Strike
3-1: Called Strike
3-2: 3-RUN HOME RUN (Flyball, 7D, EV 98.1 MPH), Distance : 415 ft
Batting: SHB David Barona 0-0: Foul Ball, location: 2F
0-1: Foul Ball, location: 2F
0-2: Ball
1-2: Ball
2-2: Ball
3-2: Strikes out swinging
Top of the 7th over - 6 runs, 5 hits, 0 errors, 0 left on base; Kelowna 12 - Palm Beach 4
BOTTOM OF THE 7TH
Palm Beach Nationals batting - Pitching for Kelowna Heat : LHP Ricky Coats
Pitching: LHP Jimmy Heinecke
Batting: RHB Chad Madsen 0-0: Ball
1-0: Swinging Strike
1-1: Fly out, F8 (Flyball, 8RM, EV 91.2 MPH)
Pinch Hitting: RHB Kiyonaga Nakamura 0-0: Swinging Strike
0-1: Foul Ball, location: 2F
0-2: Strikes out swinging
Batting: RHB Gabe Almazan 0-0: Called Strike
0-1: Ball
1-1: Fly out, F9 (Flyball, 9LM, EV 84.4 MPH)
Bottom of the 7th over - 0 runs, 0 hits, 0 errors, 0 left on base; Kelowna 12 - Palm Beach 4
TOP OF THE 8TH
Kelowna Heat batting - Pitching for Palm Beach Nationals : LHP Manny Ruiz
Now at 1B: Kiyonaga Nakamura
Batting: RHB Miguel Gonzalez 0-0: Called Strike
0-1: Ball
1-1: Called Strike
1-2: Fly out, F8 (Flyball, 8LM, EV 82.5 MPH)
Batting: LHB Chris West 0-0: Swinging Strike
0-1: Ball
1-1: Ball
2-1: Foul Ball, location: 2F
2-2: Strikes out swinging
Batting: RHB Edwin Verdugo 0-0: Called Strike
0-1: Ball
1-1: Swinging Strike
1-2: Ball
2-2: Foul Ball, location: 2F
2-2: Ball
3-2: Foul Ball, location: 2F
3-2: DOUBLE (Line Drive, 78XD, EV 106.2 MPH)
Batting: RHB Billy Pranger 0-0: Ball
1-0: Called Strike
1-1: Swinging Strike
1-2: Foul Ball, location: 2F
1-2: Ball
2-2: Strikes out swinging
Top of the 8th over - 0 runs, 1 hit, 0 errors, 1 left on base; Kelowna 12 - Palm Beach 4
BOTTOM OF THE 8TH
Palm Beach Nationals batting - Pitching for Kelowna Heat : LHP Jimmy Heinecke
Batting: RHB Justin Van Houten 0-0: Ball
1-0: Called Strike
1-1: Ball
2-1: Ball
3-1: Base on Balls
Batting: RHB Dave Burwell 0-0: Ball
Passed Ball!
Justin Van Houten to second
1-0: Fly out, F8 (Line Drive, 8LD, EV 100.0 MPH)
Batting: RHB Justin Davenport 0-0: Called Strike
0-1: Ball
Wild Pitch!
Justin Van Houten to third
1-1: Called Strike
1-2: Ground out 4-3 (Groundball, 4, EV 101.9 MPH)
Justin Van Houten scores
Batting: RHB Scott Merritt 0-0: Ball
1-0: Swinging Strike
1-1: Ball
2-1: Called Strike
2-2: Ball
3-2: Base on Balls
Batting: RHB Jelexiz Cuenca 0-0: Ball
1-0: Ball
2-0: Fly out, F6 (Popup, 6MS, EV 83.1 MPH)
Bottom of the 8th over - 1 run, 0 hits, 0 errors, 1 left on base; Kelowna 12 - Palm Beach 5
TOP OF THE 9TH
Kelowna Heat batting - Pitching for Palm Beach Nationals : LHP Manny Ruiz
Batting: LHB Steve Nevis 0-0: SINGLE (Line Drive, 34, EV 97.5 MPH)
Batting: RHB Malik Sharpless 0-0: Foul Ball, location: 2F
0-1: Foul Ball, location: 2F
0-2: Strikes out swinging
Batting: LHB Takaaki Nishimoto 0-0: Foul Ball, location: 2F
0-1: Fly out, F8 (Flyball, 8LM, EV 86.9 MPH)
Batting: RHB Dave Putnam 0-0: Ball
1-0: Fly out, F4 (Flyball, 34D, EV 81.9 MPH)
Top of the 9th over - 0 runs, 1 hit, 0 errors, 1 left on base; Kelowna 12 - Palm Beach 5
BOTTOM OF THE 9TH
Palm Beach Nationals batting - Pitching for Kelowna Heat : LHP Jimmy Heinecke
Batting: RHB Bobby Bricker 0-0: Called Strike
0-1: Foul Ball, location: 2F
0-2: Ball
1-2: Strikes out swinging
Batting: RHB Chad Madsen 0-0: Ball
1-0: Ball
2-0: Ball
3-0: Base on Balls
Pitching: RHP Ricky Fo
Batting: RHB Kiyonaga Nakamura 0-0: Called Strike
0-1: Foul Ball, location: 2F
0-2: Strikes out looking
Batting: RHB Gabe Almazan 0-0: Ball
1-0: SINGLE (Line Drive, 56D, EV 95.0 MPH)
Chad Madsen to second
Batting: RHB Justin Van Houten 0-0: Ball
1-0: Ball
2-0: Ball
3-0: Called Strike
3-1: Swinging Strike
3-2: Base on Balls
Chad Madsen to third
Gabe Almazan to second
Pinch Hitting: LHB Chance McWilliams 0-0: Swinging Strike
0-1: Ball
1-1: Ground out 4-3 (Groundball, 34, EV 103.8 MPH)
Bottom of the 9th over - 0 runs, 1 hit, 0 errors, 3 left on base; Kelowna 12 - Palm Beach 5
Thursday, March 31st , 2022 - OOTP Baseball 22.12 Build 89